 Dungeon Crawl Stone Soup version 0.29-a0-993-g4a18f31a58 (webtiles) character file.

Game seed: 11775825923394708942

249 vurker the Ruffian (level 6, -10/33 HPs)
             Began as a Vine Stalker Fighter on Aug 2, 2022.
             Killed by divine providence
             ... invoked by an orc priest
              (14 damage)
             ... on level 4 of the Dungeon.
             The game lasted 00:04:16 (3575 turns).

vurker the Ruffian (Vine Stalker Fighter)           Turns: 3575, Time: 00:04:17

Health: -10/33     AC: 10    Str: 21    XL:     6   Next: 12%
Magic:  0/7        EV:  7    Int:  8    God:
Gold:   248        SH:  8    Dex: 13    Spells: 5/5 levels left

rFire   . . .      SeeInvis .     - Unarmed
rCold   . . .      Faith    .   f - +0 kite shield
rNeg    . . .      Spirit   +   a - +0 scale mail
rPois   .          Reflect  .   h - +1 helmet
rElec   .          Harm     .   (no cloak)
rCorr   .          Rampage  .   g - +0 pair of gloves
Will    .....                   l - +0 pair of boots
Stlth   ..........              i - amulet of magic regeneration
HPRegen 0.91/turn               (no ring)
MPRegen 0.50/turn               (no ring)

@: no status effects
A: fangs 2, regeneration 1, magic shield, antimagic bite, no potion heal 2
a: no special abilities


You were on level 4 of the Dungeon.
You visited 1 branch of the dungeon, and saw 4 of its levels.

You collected 248 gold pieces.

Inventory:

Armour
 a - a +0 scale mail (worn)
 f - a +0 kite shield (worn)
   (You found it on level 1 of the Dungeon)
 g - a +0 pair of gloves (worn)
   (You found it on level 1 of the Dungeon)
 h - a +1 helmet (worn)
   (You found it on level 1 of the Dungeon)
 l - a +0 pair of boots (worn)
   (You found it on level 2 of the Dungeon)
Jewellery
 i - an amulet of magic regeneration (around neck)
   (You found it on level 4 of the Dungeon)
Scrolls
 d - a scroll of blinking
 j - a scroll of poison
 k - a scroll of teleportation
 m - 2 scrolls of identify
Potions
 b - a potion of haste
 c - a potion of might
 e - a potion of flight


   Skills:
 + Level 4.1 Fighting
 - Level 2.4 Armour
 - Level 2.6 Shields
 * Level 5.2 Unarmed Combat


You had 5 spell levels left.
You didn't know any spells.
Your spell library contained the following spells:

 Spells                   Type           Power      Damage    Failure   Level
 Stone Arrow              Conj/Erth      0%         3d7       100%        3
 Animate Armour           Summ/Erth      0%         N/A       100%        4
 Lehudib's Crystal Spear  Conj/Erth      0%         10d2      100%        8


Dungeon Overview and Level Annotations

Branches:
Dungeon (4/15)
 Temple: D:4-7

Altars:
Ashenzari
Fedhas
Nemelex Xobeh
Qazlal
Vehumet
Zin


Innate Abilities, Weirdness & Mutations

You have extremely sharp teeth.
Your natural rate of healing is unusually fast.
When hurt, damage is shared between your health and your magic reserves.
Your bite disrupts and absorbs the magic of your enemies.
Potions cannot restore your health.


Message History

You block the orc's attack. You block the orc priest's attack.
You see here a +0 short sword.
You hit the orc priest. The orc hits you but does no damage.
You block the orc priest's attack.
You punch the orc priest! The orc hits you but does no damage.
You block the orc's attack. You block the gnoll's attack.
You closely miss the orc. Your bite misses the orc.
You block the orc's attack. x2
The gnoll hits you but does no damage.
You hit the orc but do no damage. You block the gnoll's attack.
The orc hits you but does no damage. x2; The gnoll hits you with a +0 whip.
You hit the orc but do no damage. You block the gnoll's attack.
The orc hits you but does no damage. x2; The gnoll hits you but does no damage.
You closely miss the orc. You block the gnoll's attack.
The orc hits you but does no damage. x2; The gnoll hits you but does no damage.
You barely miss the orc. You block the gnoll's attack.
The orc hits you but does no damage. The orc completely misses you.
The gnoll hits you but does no damage.
You closely miss the orc.
The gnoll hits you from afar with a +0 halberd.
The orc hits you but does no damage. You block the orc's attack.
The gnoll hits you with a +0 whip.
You punch the orc!
You kill the orc!
The gnoll hits you but does no damage.
A magic dart appears from out of thin air!
The magic dart hits you. The orc hits you but does no damage.
The gnoll barely misses you.
You hit the hobgoblin.
The gnoll hits you from afar with a +0 halberd.
You block the orc's attack. The gnoll closely misses you.
The hobgoblin hits you but does no damage.
You closely miss the hobgoblin. The gnoll hits you but does no damage.
The orc barely misses you. You block the hobgoblin's attack.
You block the gnoll's attack.
You hit the hobgoblin.
You kill the hobgoblin!
The gnoll hits you from afar with a +0 halberd!
* * * LOW HITPOINT WARNING * * *
The gnoll hits you but does no damage. You block the orc's attack.
The orc attacks as you move away! The orc hits you but does no damage.
The gnoll attacks as you move away! The gnoll hits you but does no damage.
The gnoll attacks as you move away! The gnoll hits you with a +0 whip.
* * * LOW HITPOINT WARNING * * *
The orc priest calls down the wrath of Beogh upon you.
Beogh smites you!
* * * LOW HITPOINT WARNING * * *
The orc priest mumbles some strange prayers to Beogh against you.
Beogh smites you!
You die...

#...........................#
#..
#####......................##
#.. ######.................#
##.. ###...............# #...
###.............###...
#.......<......##... .###
#............#.##... ......
##...........#.)#).. ......#
#..@......#####..... .......
##..######## #.....
.......##.g## ##.....
......{)#oo# #######..###.
.......#)g## ..(.....## ##
....og)#..# .........## #
#..## ..........## #..#
[...........## #..##
...............#


You could see an orc priest, 2 gnolls and an orc.

Vanquished Creatures
  An ice beast (D:4)
  An orc priest (D:4)
  A gnoll bouda (D:4)
  An adder (D:2)
  A gnoll (D:4)
  8 orcs
  8 ball pythons
  6 endoplasms
  2 giant cockroaches
  7 goblins
  8 hobgoblins
  2 jackals (D:2)
  7 kobolds
  3 quokkas
  7 bats
  4 frilled lizards
  3 rats
70 creatures vanquished.

Notes
Turn   | Place    | Note
-------+----------+-------------------------------------------
     0 | D:1      | vurker the Vine Stalker Fighter began the quest for the
                  | Orb.
     0 | D:1      | Reached XP level 1. HP: 11/11 MP: 2/2
   177 | D:1      | Reached XP level 2. HP: 16/16 MP: 3/3
   782 | D:1      | Reached skill level 3 in Unarmed Combat
   851 | D:1      | Reached XP level 3. HP: 20/20 MP: 4/4
  1990 | D:2      | Found a faded altar of an unknown god.
  2580 | D:3      | Gained mutation: Your natural rate of healing is unusually
                  | fast. [Vine Stalker growth]
  2580 | D:3      | Reached XP level 4. HP: 17/24 MP: 5/5
  2667 | D:3      | Found a radiant altar of Vehumet.
  2705 | D:3      | Found a glowing silver altar of Zin.
  2736 | D:3      | Found a sparkling altar of Nemelex Xobeh.
  2856 | D:3      | Found a blossoming altar of Fedhas.
  3068 | D:3      | Found a broken altar of Ashenzari.
  3097 | D:3      | Found a stormy altar of Qazlal.
  3348 | D:4      | Reached skill level 4 in Unarmed Combat
  3349 | D:4      | Noticed an ice beast
  3417 | D:4      | Killed an ice beast
  3418 | D:4      | Reached XP level 5. HP: 24/29 MP: 6/6
  3551 | D:4      | Reached skill level 5 in Unarmed Combat
  3551 | D:4      | Reached XP level 6. HP: 22/33 MP: 4/7
  3575 | D:4      | Killed from afar by an orc priest

Illustrated notes

Levels and vault maps discovered:
D:1:      dpeg_arrival_rhombus, layout_basic, minmay_3d_cube
D:2:      layout_loops_ring, shapermc_ecumenical_altar_flowoftime
D:3:      layout_basic, nicolae_overflow_hidden_temple,
          nicolae_ashenzari_skybound, fiery_altar_vehumet,
          fedhas_altar_fruit_tree
D:4:      layout_cave_pods, minmay_temple_entry_from_below_b,
          minmay_misc_feat_pillars, nrook_loot_triangle, uniq_edmund

Skill      XL: |  1  2  3  4  5 |
---------------+----------------+-----
Fighting       | 3 4 |  4.1
Unarmed Combat | 3 4 5 |  5.2
Armour         | |  2.4
Shields        | |  2.6

Action                   |  1- 3 |  4- 6 || total
-------------------------+-------+-------++-------
Melee: Unarmed           |   138 |   100 ||   238
       Bite              |    34 |    18 ||    52
  Use: Scroll            |     9 |     2 ||    11
Armor: Scale mail        |    70 |    58 ||   128
Dodge: Dodged            |    32 |    29 ||    61
Block: Kite shield       |    52 |    69 ||   121
       Buckler           |     2 |       ||     2

Table legend: (Time is in decaauts)
 A = Elapsed time spent in this place.
 B = Non-inter-level travel time spent in this place.
 C = Inter-level travel time spent in this place.
 D = Time resting spent in this place.
 E = Time spent auto-exploring this place.
 F = Levels seen in this place.
 G = Mean time per level.
                   A        B        C        D        E       F      G
               +--------+--------+--------+--------+--------+-----+--------+
         Total |   3603 |   3459 |    144 |     19 |   2759 |   4 |  900.8 |
       Dungeon |   3603 |   3459 |    144 |     19 |   2759 |   4 |  900.8 |
               +--------+--------+--------+--------+--------+-----+--------+

Top non-repeatable levels by time:
     D:1: 1233 daAuts
     D:2: 1159 daAuts
     D:3: 892 daAuts
     D:4: 317 daAuts
